Map: Lerilak Crest

Players

scttooo - Winner!

  • Race: Terran Terran
  • League: Platinum

Goldenar

  • Race: Terran Terran
  • League: Diamond

VOD

Have the link to the VOD?

Description

Time

  • Played on: Feb. 15, 2016, 2:21 p.m.
  • Length: 6:12
Show
View Real Time Build Order
Export as new Build Order

scttooo Terran - Winner!

Build Orders:  

Get SALT Encoding   

  12  0:01  SCV  
  13  0:13  SCV  
  14  0:17  Supply Depot  
  14  0:25  SCV  
  15  0:28  Refinery  
  15  0:39  SCV  
  16  0:45  Barracks  
  16  0:51  SCV  
  16  0:56  Refinery  
  17  1:05  SCV  
  18  1:17  SCV  
  19  1:29  SCV  
  20  1:34  Barracks Tech Lab  
  20  1:35  Factory  
  20  1:45  Orbital Command  
  20  2:11  Marine  
  20  2:12  SCV  
  20  2:13  Supply Depot  
  21  2:23  Barracks  
  23  2:44  Siege Tank  
  23  2:47  Barracks Reactor  
  23  2:49  SCV  
  24  3:03  SCV  
  23  3:06  Supply Depot  
  23  3:10  Factory  
  22  3:35  Marine  
  22  3:36  Siege Tank  
  22  3:37  Marine  
  22  3:39  Marine  
  28  3:53  Marine  
  29  3:58  SCV  
  30  4:08  Siege Tank  
  33  4:17  Marine x2  
  33  4:19  Factory Tech Lab  
  33  4:23  Starport  
  35  4:25  Marine  
  36  4:34  Marine  
  37  4:44  Supply Depot  
  37  4:50  Siege Tank  
  34  5:24  Viking  
  34  5:28  Siege Tank  
Show
View Real Time Build Order
Export as new Build Order

Goldenar Terran 

Build Orders:  

Get SALT Encoding   

  12  0:01  SCV  
  13  0:13  SCV  
  14  0:17  Supply Depot  
  14  0:25  SCV  
  15  0:39  SCV  
  15  0:42  Barracks  
  16  0:46  Refinery  
  16  0:51  SCV  
  17  1:04  Barracks  
  17  1:16  Barracks  
  17  1:30  Reaper, Refinery  
  18  1:45  Orbital Command  
  18  2:03  Reaper  
  18  2:04  Reaper  
  20  2:13  Reaper  
  21  2:16  Supply Depot  
  21  2:35  Reaper  
  21  2:44  Reaper  
  21  2:45  Reaper  
  23  3:07  Reaper  
  24  3:16  Reaper  
  24  3:17  Reaper  
  23  3:40  Reaper  
  23  3:48  Reaper  
  23  3:49  Reaper  
  23  3:53  SCV  
  26  3:57  Barracks  
  26  3:59  Barracks  
  26  4:12  Reaper  
  26  4:20  Reaper  
  26  4:21  Reaper  
  28  4:31  SCV  
  29  4:43  SCV, Factory, Command Center  
  29  4:44  Reaper  
  31  4:48  Reaper  
  32  4:58  Reaper x2  
  32  4:59  SCV  
  28  5:24  Reaper x2  
  30  5:31  SCV  
  30  5:34  Factory Tech Lab  
  30  5:35  Engineering Bay  
Tags
 
Add a new tag
Caveats
  • Supply blocks, unpowered buildings, or Contaminate may cause inaccurate times.
  • Supply counts are checked every 10 seconds.